 Dungeon Crawl Stone Soup version 0.23.2-33-g5129a83184 (webtiles) character file.

Game seed: 13559843457726615629

2115 Folque the Conjurer (level 8, -7/59 HPs)
             Began as a Demigod Conjurer on July 12, 2019.
             Mangled by a killer bee (9 damage)
             ... on level 7 of the Dungeon.
             The game lasted 00:22:50 (7299 turns).

Folque the Conjurer (Demigod Conjurer)              Turns: 7299, Time: 00:22:50

Health: -7/59      AC:  3    Str: 16    XL:     8   Next: 81%
Magic:  3/15       EV: 12    Int: 23    God:
Gold:   473        SH:  0    Dex: 16    Spells: 0/13 levels left

rFire    . . .     SeeInvis .   y - +4 dagger of Shrieking Terror {drain, Str+5}
rCold    . . .     Gourm    .   (no shield)
rNeg     . . .     Faith    .   a - +0 robe
rPois    .         Spirit   .   (no helmet)
rElec    .         Reflect  .   s - +0 cloak
rCorr    .         Harm     .   (no gloves)
MR       .....                  (no boots)
Stlth    ++........             (no amulet)
HPRegen  0.19/turn              (no ring)
MPRegen  0.14/turn              (no ring)

@: no status effects
A: high mp 1
a: no special abilities


You were on level 7 of the Dungeon.
You were not hungry.

You visited 2 branches of the dungeon, and saw 9 of its levels.
You also visited: Ossuary.

You collected 473 gold pieces.

Inventory:

Hand Weapons
 d - a +0 club
 i - a +4 dagger of speed
 y - the +4 dagger of Shrieking Terror (weapon) {drain, Str+5}
   (You found it on level 4 of the Dungeon)

   A truly terrible weapon, it drains the life of those it strikes.
   It affects your strength (+5).
 K - a +4 short sword of flaming
Armour
 a - a +0 robe (worn)
 f - a +1 pair of boots
 s - a +0 cloak (worn)
 G - a cursed +0 ring mail
 H - a +0 ring mail
 I - the +1 robe of Lacw {rC++ Dex+3 Stlth+, unknown}
   (You found it on level 6 of the Dungeon)

   It affects your dexterity (+3).
   It greatly protects you from cold.
   It makes you more stealthy.
Magical Staves
 N - an uncursed staff of fire {unknown}
Jewellery
 b - a +2 amulet of reflection {unknown}
 k - an uncursed ring of protection from magic {unknown}
 A - a cursed +4 ring of dexterity {unknown}
 D - a +4 ring of strength {unknown}
Wands
 j - a wand of random effects (16)
 t - a wand of paralysis (1)
 F - a wand of clouds (5)
 J - a wand of acid (11)
Scrolls
 h - 7 scrolls of teleportation
 o - 2 scrolls of amnesia
 p - 2 scrolls of noise {unknown}
 q - 3 scrolls of magic mapping
 r - 3 scrolls of enchant armour {unknown}
 w - 3 scrolls of identify
 x - 7 scrolls of remove curse
 B - a scroll of fear {unknown}
 L - a scroll of brand weapon {unknown}
 M - a scroll of vulnerability {unknown}
 O - 2 scrolls of immolation {unknown}
 P - a scroll of fog {unknown}
Potions
 e - 4 potions of degeneration {unknown}
 g - 5 potions of curing
 l - a potion of berserk rage
 m - a potion of cancellation
 n - 4 potions of heal wounds
 u - a potion of brilliance {unknown}
 v - 3 potions of mutation {unknown}
 z - 4 potions of ambrosia {unknown}
 C - a potion of flight {unknown}
 E - a potion of agility {unknown}
Comestibles
 c - 14 rations


   Skills:
 - Level 1.0 Fighting
 * Level 4.5 Armour
 - Level 1.7 Dodging
 - Level 1.7 Stealth
 - Level 3.0 Spellcasting
 - Level 7.2 Conjurations
 + Level 6.9 Hexes


You couldn't memorise any spells.
You knew the following spells:

 Your Spells              Type           Power        Failure   Level  Hunger
a - Magic Dart            Conj           ####         1%          1    None
b - Searing Ray           Conj           #####.       1%          2    ##.....
c - Dazzling Spray        Conj/Hex       #####.       1%          3    ###....
d - Fulminant Prism       Conj/Hex       #####.....   6%          4    ####...
e - Conjure Flame         Conj/Fire      ###.....     8%          3    ###....

Your spell library contained the following spells:

 Spells                   Type           Power        Failure   Level  Hunger
 Slow                     Hex            #####...     1%          2    ##.....
 Iskenderun's Mystic Bla  Conj           #####...     6%          4    ####...
 Mephitic Cloud           Conj/Pois/Air  ##......     13%         3    ###....
 Blink                    Tloc           N/A          17%         2    ##.....
 Call Imp                 Summ           #.......     17%         2    ##.....
 Force Lance              Conj/Tloc      ###.....     26%         4    ####...
 Silence                  Hex/Air        ###.......   61%         5    ######.
 Summon Lightning Spire   Summ/Air       #.......     75%         4    ####...
 Conjure Ball Lightning   Conj/Air       ###.......   99%         6    #######
 Deflect Missiles         Chrm/Air       #.........   100%        6    #######
 Tornado                  Air            #.........   100%        9    #######


Dungeon Overview and Level Annotations

Branches:
Dungeon (8/15)             Temple (1/1) D:6
   Lair: D:8-11

Shops:
D:5 *   D:7 :

Annotations:
D:7 1 runed translucent door, Crazy Yiuf


Innate Abilities, Weirdness & Mutations

You have an increased reservoir of magic. (+10% MP)


Message History

You feel sick.
There is a stone staircase leading down here.
Casting: Dazzling Spray (safe; 1% risk of failure)
Confirm with . or Enter, or press ? or * to list all spells.
Aiming: Dazzling Spray (safe; 1% risk of failure)
Press: ? - help, Shift-Dir - straight line, f - killer bee
Aim: a killer bee The spray of energy hits the killer bee!
The killer bee is severely wounded.
The killer bee is dazzled.
You feel sick. The killer bee misses you. The killer bee stings you.
* * * LOW HITPOINT WARNING * * *
You are lethally poisoned!
The killer bee poisons you! The killer bee misses you.
The killer bee stings you.
* * * LOW HITPOINT WARNING * * *
You feel better. The killer bee stings you!
* * * LOW HITPOINT WARNING * * *
The killer bee stings you!
You die...

### #......#.#.# #..##...... ..#
#......#.#.# #.∩##...... ###
#........#.# #..........
#.....#..#.# #..###...##
#.....#..#.#### #..# #...#
#........#....# #..# #...#
###.####......# #..######## #.#
##.y...###.....# #.. ######.###
#.@y.......#### #.# # #........#
####..##...# #.# # #.####'#.##
#.......######.# ####.##......#
#..##...........
#....##......######+##.....####.#
.....'.......#.......#..##.# #.#
...<.##.....(#.......#..##.# #.#
.....######..#.............####..
.....# #.....................#


You could see 2 killer bees.

Vanquished Creatures
  A hungry ghost (D:6)
  A sky beast (D:5)
  2 ogres
  A centaur (D:8)
  3 elf zombies (Ossuary)
  Blork the orc (D:4)
  4 bullfrogs
  A howler monkey (D:6)
  A centaur zombie (Ossuary)
  A bullfrog zombie (D:5)
  4 crimson imps
  A quasit (D:6)
  2 hounds (D:4)
  An orc wizard (D:6)
  2 centaur skeletons (D:5)
  2 iguanas
  Ijyb (D:2)
  Natasha (thrice) (D:2)
  9 worker ants
  2 big kobold zombies (Ossuary)
  3 mummies
  A howler monkey skeleton (D:6)
  8 adders
  2 shadow imps
  4 oozes
  2 adder skeletons (D:7)
  3 adder zombies
  2 worms (D:3)
  2 dart slugs
  10 leopard geckos
  22 orcs
  3 giant cockroaches
  7 goblins
  5 hobgoblins
  10 jackals
  4 kobolds
  4 quokkas
  8 bats
  5 frilled lizards
  A goblin zombie (Ossuary)
  9 hobgoblin zombies
  A jackal skeleton (D:6)
  A jackal zombie (D:6)
  7 kobold zombies
  A leopard gecko skeleton (D:6)
  A leopard gecko zombie (D:3)
  10 orc zombies (Ossuary)
  10 rats
  3 rat zombies (Ossuary)
  A fungus (D:7)
193 creatures vanquished.

Vanquished Creatures (others)
  2 fulminant prisms
2 creatures vanquished.

Grand Total: 195 creatures vanquished

Notes
Turn   | Place    | Note
-------+----------+-------------------------------------------
     0 | D:1      | Folque the Demigod Conjurer began the quest for the Orb.
     0 | D:1      | Reached XP level 1. HP: 14/14 MP: 5/5
   563 | D:1      | Reached XP level 2. HP: 22/22 MP: 7/7
   847 | D:2      | Learned a level 2 spell: Searing Ray
   944 | D:2      | Reached skill level 4 in Conjurations
   978 | D:2      | Found a hazy altar of Hepliaklqana.
   989 | D:2      | Reached skill level 1 in Fighting
  1026 | D:2      | Found a hide-covered altar of Uskayaw.
  1138 | D:2      | Reached XP level 3. HP: 28/28 MP: 7/9
  1151 | D:2      | Learned a level 3 spell: Dazzling Spray
  1167 | D:2      | Noticed Natasha
  1171 | D:2      | Killed Natasha
  1256 | D:2      | Noticed Natasha
  1260 | D:2      | Killed Natasha
  1260 | D:2      | Reached XP level 4. HP: 35/35 MP: 6/11
  1304 | D:2      | Noticed Natasha
  1310 | D:2      | Killed Natasha
  1377 | D:3      | Noticed Ijyb
  1381 | D:3      | Paralysed by Ijyb for 3 turns
  1420 | D:2      | Killed Ijyb
  1420 | D:2      | Reached skill level 1 in Hexes
  1863 | D:3      | Reached XP level 5. HP: 40/40 MP: 12/12
  1869 | D:3      | Learned a level 4 spell: Fulminant Prism
  2022 | D:3      | Reached skill level 5 in Conjurations
  2624 | D:4      | Got a slimy dagger
  2827 | D:4      | Reached XP level 6. HP: 47/47 MP: 13/13
  2891 | D:4      | Identified the +4 dagger of Shrieking Terror {drain, Str+5}
                  | (You found it on level 4 of the Dungeon)
  3014 | D:4      | Noticed Blork the orc
  3024 | D:4      | Killed Blork the orc
  3047 | D:4      | Found a sand-covered staircase.
  3057 | Ossuary  | Entered an ossuary
  3532 | Ossuary  | Reached skill level 6 in Conjurations
  3532 | Ossuary  | Reached XP level 7. HP: 21/52 MP: 1/14
  3954 | D:4      | Reached skill level 5 in Hexes
  4165 | D:5      | Entered Level 5 of the Dungeon
  4417 | D:5      | Found an ornate altar of the Wu Jian Council.
  4639 | D:5      | Found Yllijidi's Assorted Antiques.
  5147 | D:6      | Got a warped robe
  5160 | D:6      | Reached XP level 8. HP: 57/59 MP: 15/15
  5391 | D:6      | Learned a level 3 spell: Conjure Flame
  5416 | D:6      | Reached skill level 1 in Armour
  5477 | D:6      | Found a staircase to the Ecumenical Temple.
  5482 | D:6      | Reached skill level 7 in Conjurations
  5490 | Temple   | Entered the Ecumenical Temple
  6062 | D:6      | Found a radiant altar of Vehumet.
  6198 | D:7      | Found a blossoming altar of Fedhas.
  6504 | D:7      | Found Byacsef's Book Boutique.
  6961 | D:7      | Found a runed translucent door.
  6962 | D:7      | Noticed Crazy Yiuf
  7299 | D:7      | HP: 2/59 [killer bee (7)]
  7299 | D:7      | Mangled by a killer bee

Skill      XL: |  1  2  3  4  5  6  7  8 |
---------------+-------------------------+-----
Spellcasting   | 2 3 |  3.0
Conjurations   | 4 5 6 7 |  7.2
Fighting       | 1 |  1.0
Hexes          | 1 2 4 6 |  6.9
Armour         | 4 |  4.5
Dodging        | |  1.7
Stealth        | |  1.7

Action                   |  1- 3 |  4- 6 |  7- 9 || total
-------------------------+-------+-------+-------++-------
Melee: Dagger            |    58 |    98 |   147 ||   303
       Club              |     2 |       |       ||     2
       Unarmed           |     1 |       |       ||     1
 Cast: Magic Dart        |    12 |     4 |    11 ||    27
       Searing Ray       |     3 |    34 |    38 ||    75
       Dazzling Spray    |       |    11 |    21 ||    32
       Fulminant Prism   |       |       |     2 ||     2
Evoke: Wand              |       |     1 |     1 ||     2
  Use: Scroll            |     6 |     1 |     2 ||     9
       Potion            |       |       |     1 ||     1
 Stab: Sleeping          |     6 |     3 |     2 ||    11
       Invisible         |       |     2 |     3 ||     5
  Eat: Chunk             |     1 |     8 |    14 ||    23
       Ration            |       |       |     2 ||     2
Armor: Robe              |     6 |    21 |    31 ||    58
Dodge: Dodged            |    41 |    77 |   111 ||   229
